 Dungeon Crawl Stone Soup version 0.28-a0-479-g5baa6b73be (webtiles) character file.

Game seed: 8710336855441330076

124 timneilson the Shield-Bearer (level 5, -6/33 HPs)
             Began as a Gargoyle Fighter on Sept 17, 2021.
             Mangled by Crazy Yiuf (8 damage)
             ... on level 3 of the Dungeon.
             The game lasted 00:05:05 (2527 turns).

timneilson the Shield-Bearer (Gargoyle Fighter)     Turns: 2527, Time: 00:05:05

Health: -6/33      AC: 15    Str: 20    XL:     5   Next: 8%
Magic:  6/6        EV:  7    Int:  9    God:
Gold:   185        SH:  4    Dex:  9    Spells: 4/4 levels left

rFire   . . .      SeeInvis .   a - +1 long sword
rCold   + . .      Faith    .   c - +0 buckler
rNeg    + . .      Spirit   .   f - +2 chain mail {rC+}
rPois   ∞          Reflect  .   (no helmet)
rElec   +          Harm     .   (no cloak)
rCorr   +          Rampage  .   (no gloves)
Will    .....                   (no boots)
Stlth   ..........              (no amulet)
HPRegen 0.11/turn               j - ring of resist corrosion
MPRegen 0.10/turn               (no ring)

@: no status effects
A: sickness immunity, AC +4, negative energy resistance 1, electricity
resistance, torment resistance 1, petrification resistance
a: no special abilities


You were on level 3 of the Dungeon.
You visited 1 branch of the dungeon, and saw 3 of its levels.

You collected 185 gold pieces.

Inventory:

Hand Weapons
 a - a +1 long sword (weapon)
Armour
 c - a +0 buckler (worn)
 f - a +2 chain mail of cold resistance (worn)
Jewellery
 j - a ring of resist corrosion (left hand)
Scrolls
 i - a scroll of teleportation
Potions
 d - a potion of might
 e - a potion of curing
 g - a potion of resistance
 h - a potion of degeneration {unknown}


   Skills:
 + Level 3.8 Fighting
 * Level 2.6 Long Blades
 * Level 4.0 Armour
 + Level 0.0 Dodging
 * Level 4.1 Shields
 + Level 1.4 Invocations
 + Level 1.0 Evocations


You had 4 spell levels left.
You didn't know any spells.
Your spell library contained the following spells:

 Spells                   Type           Power      Damage    Failure   Level
 Call Canine Familiar     Summ           0%         N/A       100%        3
 Portal Projectile        Hex/Tloc       0%         N/A       100%        3
 Leda's Liquefaction      Hex/Erth       0%         N/A       100%        4


Dungeon Overview and Level Annotations

Branches:
Dungeon (3/15)

Altars:
Lugonu

Portals:
Abyss: D:3

Annotations:
D:3 Crazy Yiuf


Innate Abilities, Weirdness & Mutations

You are immune to sickness and miasma.
Your stone body is resilient. (AC +4)
You are immune to poison.
You resist negative energy. (rN+)
You are resistant to electric shocks. (rElec)
You are resistant to unholy torment.
You are immune to petrification.


Message History

You slash the adder!
You kill the adder!
Your Armour skill increases to level 4!
You have reached level 5!
A frilled lizard comes into view.
The frilled lizard moves out of view.
The frilled lizard bites you but does no damage.
You barely miss the frilled lizard. The frilled lizard closely misses you.
You block the frilled lizard's attack.
You closely miss the frilled lizard.
The frilled lizard bites you but does no damage.
You miss the frilled lizard.
The frilled lizard bites you but does no damage.
You closely miss the frilled lizard.
The frilled lizard bites you but does no damage.
You slash the frilled lizard!
You kill the frilled lizard!
Found a stone staircase leading up.
There is a stone staircase leading up here.
You now have 185 gold pieces (gained 18).
Found a mace.
Found a runed translucent door.
You open the door. You block Crazy Yiuf's attack.
There is an open translucent door here.
You closely miss Crazy Yiuf.
Crazy Yiuf hits you with a +2 quarterstaff of chaos!
Crazy Yiuf barely misses you.
You completely miss Crazy Yiuf.
Crazy Yiuf hits you with a +2 quarterstaff of chaos.
Space warps horribly around you!
* * * LOW HITPOINT WARNING * * *
You completely miss Crazy Yiuf. Crazy Yiuf hits you but does no damage.
You are confused.
You bump into the tree.
You feel less confused. Crazy Yiuf closely misses you.
You slash Crazy Yiuf!
Crazy Yiuf is severely wounded.
Crazy Yiuf hits you with a +2 quarterstaff of chaos!
You die...

# #.
....
#.
.#g..
##
##g...
#####
#)..#
#...#
#.g.#
#@#
♣.♣♣
♣♣.♣
#####
♣.♣♣
.....
♣♣.♣
.....
♣♣.♣♣
#####
♣♣P..♣
♣...P♣
##..##


You could see Crazy Yiuf.

Vanquished Creatures
  Terence (D:3)
  3 adders
  A gnoll (D:3)
  A dart slug (D:3)
  4 bats
  2 endoplasms (D:1)
  3 giant cockroaches
  6 goblins
  6 hobgoblins
  8 jackals
  7 kobolds
  2 quokkas
  5 ball pythons
  4 frilled lizards
  3 rats
56 creatures vanquished.

Vanquished Creatures (others)
  A fungus (D:1)
  2 lurking horrors (D:3)
3 creatures vanquished.

Grand Total: 59 creatures vanquished

Notes
Turn   | Place    | Note
-------+----------+-------------------------------------------
     0 | D:1      | timneilson the Gargoyle Fighter began the quest for the
                  | Orb.
     0 | D:1      | Reached XP level 1. HP: 14/14 MP: 1/1
    46 | D:1      | Found a faded altar of an unknown god.
    87 | D:1      | Reached XP level 2. HP: 7/19 MP: 2/2
   604 | D:1      | Reached XP level 3. HP: 22/23 MP: 3/3
  1236 | D:2      | You fall into a shaft and drop 1 floor!
  1269 | D:3      | Found a one-way gate to the infinite horrors of the Abyss.
  1273 | D:3      | Found a corrupted altar of Lugonu.
  1444 | D:3      | Reached skill level 1 in Invocations
  1534 | D:3      | Reached XP level 4. HP: 22/29 MP: 4/4
  2298 | D:3      | Noticed Terence
  2309 | D:3      | Killed Terence
  2310 | D:3      | Reached skill level 1 in Evocations
  2421 | D:3      | Reached XP level 5. HP: 31/33 MP: 6/6
  2517 | D:3      | Found a runed translucent door.
  2518 | D:3      | Noticed Crazy Yiuf
  2527 | D:3      | Mangled by Crazy Yiuf

Illustrated notes

Levels and vault maps discovered:
D:1:      lemuel_arrival_muddy, layout_basic,
          hellmonk_ecumenical_altar_lost_god, minmay_pentomino_r4
D:2:      layout_basic
D:3:      layout_loops_ring, amcnicky_altar_lugonu_corruption,
          uniq_crazy_yiuf_cottage, uniq_terence

Skill      XL: |  1  2  3  4 |
---------------+-------------+-----
Long Blades    | 2 |  2.6
Invocations    | 1 |  1.4
Shields        | 4 |  4.1
Evocations     | 1 |  1.0
Armour         | 4 |  4.0
Fighting       | |  3.8

Action                   |  1- 3 |  4- 6 || total
-------------------------+-------+-------++-------
Melee: Long sword        |   112 |    62 ||   174
  Use: Scroll            |     3 |     4 ||     7
Armor: Scale mail        |    69 |    18 ||    87
       Chain mail        |       |    13 ||    13
Dodge: Dodged            |    57 |    29 ||    86
Block: Buckler           |    28 |    15 ||    43

Table legend: (Time is in decaauts)
 A = Elapsed time spent in this place.
 B = Non-inter-level travel time spent in this place.
 C = Inter-level travel time spent in this place.
 D = Time resting spent in this place.
 E = Time spent auto-exploring this place.
 F = Levels seen in this place.
 G = Mean time per level.
                   A        B        C        D        E       F      G
               +--------+--------+--------+--------+--------+-----+--------+
         Total |   2580 |   2550 |     30 |      0 |   1958 |   3 |  860.0 |
       Dungeon |   2580 |   2550 |     30 |      0 |   1958 |   3 |  860.0 |
               +--------+--------+--------+--------+--------+-----+--------+

Top non-repeatable levels by time:
     D:1: 1203 daAuts
     D:2: 732 daAuts
     D:3: 644 daAuts
